 Dungeon Crawl Stone Soup version 0.29-a0-923-g6e406bff71 (webtiles) character file.

Game seed: 1303835479764910942

216 Newt the Ruffian (level 5, -1/38 HPs)
             Began as a Demonspawn Gladiator on July 27, 2022.
             Was a Believer of Uskayaw.
             Slain by Menkaure (4 damage)
             ... on level 4 of the Dungeon.
             The game lasted 00:06:46 (3737 turns).

Newt the Ruffian (Demonspawn Gladiator)             Turns: 3737, Time: 00:06:46

Health: -1/38      AC: 10    Str: 17    XL:     5   Next: 61%
Magic:  7/7        EV: 12    Int:  9    God:    Uskayaw [**....]
Gold:   152        SH:  0    Dex: 14    Spells: 7/7 levels left

rFire   . . .      SeeInvis .   D - +4 quarterstaff (chaos)
rCold   + . .      Faith    .   (shield currently unavailable)
rNeg    . . .      Spirit   .   w - +0 chain mail
rPois   .          Reflect  .   b - +0 helmet
rElec   .          Harm     .   E - +0 cloak
rCorr   .          Rampage  .   (no gloves)
Will    .....                   (no boots)
Stlth   ..........              (no amulet)
HPRegen 0.12/turn               f - ring of protection from cold
MPRegen 0.10/turn               p - +4 ring of evasion

@: no status effects
A: spiny 1, demonic magic 1
a: Renounce Religion, Stomp, Line Pass


You were on level 4 of the Dungeon.
You worshipped Uskayaw.
Uskayaw was noncommittal.
You visited 1 branch of the dungeon, and saw 4 of its levels.

You collected 152 gold pieces.

Inventory:

Hand Weapons
 n - a +1 dagger of draining
 D - a +4 quarterstaff of chaos (weapon)
Missiles
 c - 2 throwing nets
 d - a javelin
Armour
 a - a +0 leather armour
 b - a +0 helmet (worn)
 v - a +0 helmet
 w - a +0 chain mail (worn)
 E - a +0 cloak (worn)
Magical Staves
 k - a staff of air
Jewellery
 f - a ring of protection from cold (left hand)
 p - a +4 ring of evasion (right hand)
Wands
 C - a wand of mindburst (10) (quivered)
Scrolls
 h - a scroll of enchant armour {unknown}
 i - a scroll of blinking {unknown}
 l - a scroll of teleportation
 m - a scroll of poison {unknown}
 o - 2 scrolls of amnesia {unknown}
 q - 2 scrolls of fear
 s - a scroll of enchant weapon {unknown}
 x - a scroll of vulnerability {unknown}
 y - a scroll of butterflies {unknown}
 B - a scroll of magic mapping {unknown}
Potions
 e - 2 potions of brilliance
 g - 2 potions of curing
 j - 2 potions of flight
 r - a potion of invisibility
 u - a potion of magic
 z - 2 potions of degeneration
 A - a potion of attraction {unknown}


   Skills:
 + Level 2.2 Fighting
 * Level 0.8 Staves
 - Level 1.8 Throwing
 + Level 2.1 Armour
 + Level 3.7 Dodging
 - Level 3.7 Unarmed Combat
 * Level 1.6 Spellcasting
 + Level 0.2 Evocations


You had 7 spell levels left.
You didn't know any spells.
Your spell library was empty.

Dungeon Overview and Level Annotations

Branches:
Dungeon (4/15)
 Temple: D:4-7

Altars:
Cheibriados
Uskayaw

Annotations:
D:4 Menkaure


Innate Abilities, Weirdness & Mutations

You are partially covered in sharp spines.
Spells you cast may paralyse adjacent enemies.


Message History

The orc is almost dead.
The orc closely misses you. The orc is struck by your spines.
The orc hits you but does no damage.
You hit the orc.
You kill the orc!
You enter the shallow water.
Moving in this stuff is going to be slow.
You now have 152 gold pieces (gained 14).
An adder comes into view.
An adder is nearby!
You see here a potion of curing.
g - 2 potions of curing (gained 1)
The adder closely misses you. The adder is struck by your spines.
The adder barely misses you.
You barely miss the adder.
The adder is heavily wounded.
The adder bites you but does no damage. The adder is struck by your spines.
The adder bites you but does no damage.
Menkaure shouts!
You hit the adder.
You kill the adder!
Menkaure mumbles some strange words.
Menkaure seems to speed up.
Aiming: Mindburst
Press: ? - help, Q - select action, (/) - cycle Shift-Dir - straight line, f - Menkaure
Aim: Menkaure (fast, chance to affect: 64%) Menkaure struggles to resist.
Menkaure casts a spell at you. Pain shoots through your body!
Menkaure is struck by your spines. Menkaure hits you!
You can now pass through a line of other dancers.
You hit Menkaure but do no damage.
Menkaure is moderately damaged.
Menkaure closely misses you.
You sock Menkaure! You freeze Menkaure.
Menkaure is heavily damaged.
Menkaure hits you!
* * * LOW HITPOINT WARNING * * *
Menkaure hits you.
You die...

.....M....
#............
###............
..###..$....... ##
#..###......... #.##
#...##........
....###....#.......
.......##...M.#.....
..........#..@..#....
............#.....#
#.........†..#......#
#............#...###
#............##.##
#...........#.##
##............#
##..........##
##........##


You could see Menkaure (fast).

Vanquished Creatures
  A howler monkey (D:4)
  A hound (D:4)
  Crazy Yiuf (D:3)
  4 adders
  3 dart slugs
  2 orcs
  6 ball pythons
  8 bats
  4 endoplasms
  9 giant cockroaches
  10 goblins
  5 hobgoblins
  5 jackals
  A quokka (D:2)
  3 frilled lizards
  5 kobolds
  6 rats
74 creatures vanquished.

Notes
Turn   | Place    | Note
-------+----------+-------------------------------------------
     0 | D:1      | Newt the Demonspawn Gladiator began the quest for the Orb.
     0 | D:1      | Reached XP level 1. HP: 16/16 MP: 1/1
   137 | D:1      | Gained mutation: Spells you cast may paralyse adjacent
                  | enemies. [demonic ancestry]
   137 | D:1      | Reached XP level 2. HP: 7/22 MP: 2/2
  1296 | D:2      | Gained mutation: You are partially covered in sharp spines.
                  | [demonic ancestry]
  1296 | D:2      | Reached XP level 3. HP: 24/27 MP: 3/3
  1627 | D:2      | Reached XP level 4. HP: 33/33 MP: 3/5
  1829 | D:2      | Reached skill level 1 in Spellcasting
  2048 | D:3      | Reached skill level 1 in Armour
  2152 | D:3      | Found a faded altar of an unknown god.
  2710 | D:3      | Prayed at the altar of an unknown god.
  2710 | D:3      | Became a worshipper of Uskayaw the Reveller
  2710 | D:3      | Reached * piety under Uskayaw
  2950 | D:3      | Found a runed translucent door.
  2951 | D:3      | Noticed Crazy Yiuf
  3160 | D:3      | Reached ** piety under Uskayaw
  3161 | D:3      | Killed Crazy Yiuf
  3249 | D:4      | Noticed Menkaure
  3518 | D:4      | Found a snail-covered altar of Cheibriados.
  3562 | D:4      | Reached XP level 5. HP: 33/38 MP: 5/7
  3737 | D:4      | Slain by Menkaure

Illustrated notes

Levels and vault maps discovered:
D:1:      dpeg_arrival_simpleton_b, layout_basic
D:2:      layout_loops_ring
D:3:      layout_basic, ebering_ecumenical_altar_rust, minivault_5,
          uniq_crazy_yiuf_cottage
D:4:      layout_cave_pods, kennysheep_slug_shrine, uniq_menkaure

Skill      XL: |  1  2  3  4 |
---------------+-------------+-----
Dodging        | 3 |  3.7
Unarmed Combat | 3 |  3.7
Spellcasting   | 1 |  1.6
Armour         | 2 |  2.1
Fighting       | |  2.2
Staves         | |  0.8
Throwing       | |  1.8
Evocations     | |  0.2

Action                   |  1- 3 |  4- 6 || total
-------------------------+-------+-------++-------
Melee: Unarmed           |   137 |    33 ||   170
       Punch             |     1 |     1 ||     2
       Quarterstaff      |       |    18 ||    18
Throw: Throwing net      |       |     1 ||     1
Evoke: Wand              |       |     3 ||     3
  Use: Scroll            |     1 |     7 ||     8
       Potion            |       |     3 ||     3
 Stab: Sleeping          |     2 |       ||     2
Armor: Leather armour    |    37 |     4 ||    41
       Chain mail        |       |    13 ||    13
Dodge: Dodged            |   119 |    23 ||   142

Table legend: (Time is in decaauts)
 A = Elapsed time spent in this place.
 B = Non-inter-level travel time spent in this place.
 C = Inter-level travel time spent in this place.
 D = Time resting spent in this place.
 E = Time spent auto-exploring this place.
 F = Levels seen in this place.
 G = Mean time per level.
                   A        B        C        D        E       F      G
               +--------+--------+--------+--------+--------+-----+--------+
         Total |   3716 |   3500 |    216 |    319 |   2654 |   4 |  929.0 |
       Dungeon |   3716 |   3500 |    216 |    319 |   2654 |   4 |  929.0 |
               +--------+--------+--------+--------+--------+-----+--------+

Top non-repeatable levels by time:
     D:3: 1503 daAuts
     D:1: 1272 daAuts
     D:2: 662 daAuts
     D:4: 278 daAuts
